[Event "GER-ch Youth U14w 2019"]
[Site "Willingen"]
[Date "2019.06.12"]
[Round "6.9"]
[White "Bildat, Emilia"]
[Black "Liu, Sijia Anna"]
[Result "1-0"]
[ECO "A15"]
[WhiteElo "1649"]
[BlackElo "1705"]
[Annotator "NA"]
[PlyCount "102"]
[EventDate "2019.06.07"]
[EventType "swiss"]
[EventRounds "9"]
[EventCountry "GER"]
[SourceTitle "playchess.com"]
[Source "ChessBase"]
[SourceQuality "1"]
[TimeControl "40/5400+30:1800+30"]

1. c4 Nf6 2. g3 g6 3. Bg2 Bg7 4. Nc3 d6 5. d3 c5 6. Nf3 O-O 7. O-O a6 8. a3 Nc6 9. Rb1 Rb8 10. b4 cxb4 11. axb4 b5 12. cxb5 axb5 13. Bd2 Bd7 14. Qb3 h6 15. Rfc1 Qb6 16. Be3 Qb7 17. Nd4 Nxd4 18. Bxd4 Be6 19. Bxb7 Bxb3 20. Bc6 Ba4 21. Nxa4 bxa4 22. b5 Ng4 23. Bxg7 Kxg7 24. b6 a3 25. b7 Ne5 26. Bg2 e6 27. d4 Nd7 28. Bc6 Nf6 29. Ra1 d5 30. Rxa3 Ne4 31. Ra8 Nd6 32. e3 Kf6 33. Rca1 Kg7 34. Rxb8 Rxb8 35. Ra8 Rxb7 36. Bxb7 Nxb7 37. Ra7 Nd6 38. f3 Kf6 39. Ra6 Ke7 40. Ra7+ Kf6 41. Rd7 Nf5 42. Kf2 g5 43. g4 Nh4 44. e4 dxe4 45. fxe4 Ng6 46. Rc7 Nf4 47. Rc3 Ke7 48. Rf3 Ng6 49. Kg3 Kf8 50. d5 exd5 51. exd5 {[%emt 0:00:00] normal} Ke7 {[%emt 0:03:28] normal} 1-0

[Event "GER-ch Youth U14w 2019"]
[Site "Willingen"]
[Date "2019.06.12"]
[Round "6.10"]
[White "Zoellner, Bente"]
[Black "Becker, Linda"]
[Result "1/2-1/2"]
[ECO "D35"]
[WhiteElo "1530"]
[BlackElo "1683"]
[Annotator "NA"]
[PlyCount "51"]
[EventDate "2019.06.07"]
[EventType "swiss"]
[EventRounds "9"]
[EventCountry "GER"]
[SourceTitle "playchess.com"]
[Source "ChessBase"]
[SourceQuality "1"]
[TimeControl "40/5400+30:1800+30"]

1. d4 d5 2. c4 e6 3. Nc3 Nf6 4. cxd5 exd5 5. Bg5 Be7 6. e3 c6 7. Bd3 h6 8. Bh4 Nbd7 9. Nge2 Nh5 10. Bxe7 Qxe7 11. O-O O-O 12. Qc2 Nhf6 13. Rae1 b6 14. Ng3 c5 15. h3 Bb7 16. b3 Qd8 17. Re2 a6 18. a4 Rc8 19. Rc1 Nb8 20. Qb1 Nc6 21. dxc5 bxc5 22. Rec2 Nb4 23. Rd2 Nxd3 24. Rxd3 Qb6 25. Nf5 Rc7 26. Ne2 {[%emt 0:07:01] normal} 1/2-1/2

[Event "GER-ch Youth U14w 2019"]
[Site "Willingen"]
[Date "2019.06.12"]
[Round "6.11"]
[White "Berghold, Lotta"]
[Black "Petersen, Sophie"]
[Result "1/2-1/2"]
[ECO "D05"]
[WhiteElo "1471"]
[BlackElo "1430"]
[Annotator "NA"]
[PlyCount "79"]
[EventDate "2019.06.07"]
[EventType "swiss"]
[EventRounds "9"]
[EventCountry "GER"]
[SourceTitle "playchess.com"]
[Source "ChessBase"]
[SourceQuality "1"]
[TimeControl "40/5400+30:1800+30"]

1. d4 d5 2. Nf3 Nf6 3. e3 e6 4. Bd3 Be7 5. Nbd2 O-O 6. O-O b6 7. e4 Bb7 8. e5 Nfd7 9. Re1 c5 10. c3 Nc6 11. a3 Qc7 12. Nf1 Rfd8 13. Ng3 Nf8 14. Qe2 Rac8 15. Bd2 Na5 16. Rab1 Nb3 17. Qd1 Nxd2 18. Qxd2 Ng6 19. Rbc1 Qd7 20. Ne2 a5 21. Rc2 c4 22. Bxg6 hxg6 23. Qf4 b5 24. Ng3 b4 25. axb4 axb4 26. Rcc1 Ra8 27. Ra1 b3 28. Ng5 Bxg5 29. Qxg5 Rdb8 30. Ne2 Bc6 31. Rab1 Ra4 32. Qd2 Rba8 33. g4 Qe7 34. g5 Rf8 35. f4 f6 36. Rf1 f5 37. h4 Kf7 38. Ng3 Rh8 39. Qh2 Raa8 40. Kf2 {[%emt 0:01:50] normal} 1/2-1/2

[Event "GER-ch Youth U14w 2019"]
[Site "Willingen"]
[Date "2019.06.12"]
[Round "6.12"]
[White "Sinner, Joselyne"]
[Black "Zixin, Li"]
[Result "0-1"]
[ECO "B49"]
[WhiteElo "1521"]
[BlackElo "1284"]
[Annotator "NA"]
[PlyCount "85"]
[EventDate "2019.06.07"]
[EventType "swiss"]
[EventRounds "9"]
[EventCountry "GER"]
[SourceTitle "playchess.com"]
[Source "ChessBase"]
[SourceQuality "1"]
[TimeControl "40/5400+30:1800+30"]

1. e4 c5 2. Nf3 e6 3. d4 cxd4 4. Nxd4 a6 5. Nc3 Nc6 6. Be3 Qc7 7. Be2 Nf6 8. O-O Be7 9. Qd2 O-O 10. f4 d6 11. h3 b5 12. a3 Bb7 13. Bd3 Rfd8 14. Qf2 e5 15. Nf5 Qd7 16. Qg3 Bf8 17. a4 b4 18. Bc4 Kh8 19. Nd5 Nxe4 20. Qg4 Qe8 21. Nc7 Nf6 22. Qg5 Qd7 23. Nxa8 Rxa8 24. Rad1 Na5 25. Rxd6 Qc7 26. Bd3 Ne8 27. Bb6 f6 28. Qh4 Qf7 29. Ne7 h6 30. Ng6+ Kg8 31. Rd8 Rxd8 32. Bxd8 Qd5 33. Qg3 Qxd8 34. Nh4 Qd4+ 35. Kh1 Be4 36. Bxe4 Qxe4 37. fxe5 fxe5 38. Ng6 Nf6 39. Nxe5 Qxc2 40. Rxf6 Qxb2 41. Rxh6 Qc1+ 42. Kh2 Qxh6 43. Ng4 {[%emt 0:00:00] normal} 0-1

[Event "GER-ch Youth U14w 2019"]
[Site "Willingen"]
[Date "2019.06.13"]
[Round "7.1"]
[White "Reuter, Elisa"]
[Black "Bashylina, Luisa"]
[Result "1/2-1/2"]
[ECO "B42"]
[WhiteElo "1923"]
[BlackElo "1886"]
[Annotator "NA"]
[PlyCount "30"]
[EventDate "2019.06.07"]
[EventType "swiss"]
[EventRounds "9"]
[EventCountry "GER"]
[SourceTitle "playchess.com"]
[Source "ChessBase"]
[SourceQuality "1"]
[TimeControl "40/5400+30:1800+30"]

1. e4 c5 2. Nf3 e6 3. d4 cxd4 4. Nxd4 a6 5. Bd3 Qc7 6. O-O Nf6 7. Qe2 d6 8. f4 Nbd7 9. Nb3 Be7 10. Nc3 b5 11. a4 b4 12. Nd1 Bb7 13. Nf2 O-O 14. Bd2 a5 15. Nd4 {[%emt 0:02:10] normal} Nc5 {[%emt 0:07:19] normal} 1/2-1/2

[Event "GER-ch Youth U14w 2019"]
[Site "Willingen"]
[Date "2019.06.13"]
[Round "7.2"]
[White "Doll, Rebecca"]
[Black "Butenandt, Svenja"]
[Result "1/2-1/2"]
[ECO "B22"]
[WhiteElo "1678"]
[BlackElo "1722"]
[Annotator "NA"]
[PlyCount "71"]
[EventDate "2019.06.07"]
[EventType "swiss"]
[EventRounds "9"]
[EventCountry "GER"]
[SourceTitle "playchess.com"]
[Source "ChessBase"]
[SourceQuality "1"]
[TimeControl "40/5400+30:1800+30"]

1. e4 c5 2. c3 d5 3. exd5 Qxd5 4. d4 Nf6 5. Nf3 e6 6. Be2 Nc6 7. O-O Be7 8. Be3 cxd4 9. Nxd4 Nxd4 10. Bxd4 O-O 11. Re1 Rd8 12. Nd2 Qf5 13. Bf3 Qb5 14. Qc2 Qd7 15. Rad1 Nd5 16. a3 Qc7 17. Qb3 Bd6 18. h3 Bc5 19. Nc4 Bxd4 20. Rxd4 Ne7 21. Rxd8+ Qxd8 22. Rd1 Qc7 23. Nd6 Nc6 24. Qc4 Bd7 25. Nb5 Qc8 26. Qf4 Be8 27. Qd6 Na5 28. Nc7 Rb8 29. Nxe8 Qxe8 30. Qb4 Nc6 31. Qc5 a6 32. Qb6 h6 33. Bxc6 bxc6 34. Qxa6 Rxb2 35. Qd3 Rb3 36. Qa6 {[%emt 0:01:02] normal} 1/2-1/2

[Event "GER-ch Youth U14w 2019"]
[Site "Willingen"]
[Date "2019.06.13"]
[Round "7.3"]
[White "Yue, Qizhou"]
[Black "Gerber, Anna Sophie"]
[Result "1/2-1/2"]
[ECO "B40"]
[WhiteElo "1840"]
[BlackElo "1473"]
[Annotator "NA"]
[PlyCount "52"]
[EventDate "2019.06.07"]
[EventType "swiss"]
[EventRounds "9"]
[EventCountry "GER"]
[SourceTitle "playchess.com"]
[Source "ChessBase"]
[SourceQuality "1"]
[TimeControl "40/5400+30:1800+30"]

1. e4 c5 2. Nf3 e6 3. g3 Nc6 4. Bg2 Nf6 5. Nc3 d5 6. exd5 exd5 7. d4 Be6 8. O-O Be7 9. h3 O-O 10. Be3 c4 11. Ne5 Qc8 12. Kh2 Rd8 13. f4 h5 14. Ne2 Bf5 15. c3 a6 16. Ng1 g6 17. Ngf3 Ne4 18. Nxc6 bxc6 19. Ne5 Rb8 20. g4 hxg4 21. hxg4 Be6 22. Bxe4 dxe4 23. Rb1 Kg7 24. f5 Rh8+ 25. Kg1 gxf5 26. gxf5 Bxf5 {[%emt 0:00:52] normal} 1/2-1/2

[Event "GER-ch Youth U14w 2019"]
[Site "Willingen"]
[Date "2019.06.13"]
[Round "7.4"]
[White "Orlova, Alicia"]
[Black "Bildat, Emilia"]
[Result "1-0"]
[ECO "B20"]
[WhiteElo "1490"]
[BlackElo "1649"]
[Annotator "NA"]
[PlyCount "52"]
[EventDate "2019.06.07"]
[EventType "swiss"]
[EventRounds "9"]
[EventCountry "GER"]
[SourceTitle "playchess.com"]
[Source "ChessBase"]
[SourceQuality "1"]
[TimeControl "40/5400+30:1800+30"]

1. e4 c5 2. b3 Nc6 3. Bb2 e5 4. d3 Nge7 5. g3 d6 6. f4 g6 7. Nf3 Bg7 8. Bg2 O-O 9. O-O Bd7 10. c3 d5 11. Nbd2 Qb6 12. Kh1 h6 13. Qe2 exf4 14. gxf4 Rfe8 15. Qf2 Qa5 16. e5 Nf5 17. Nh4 Nxh4 18. Qxh4 Ne7 19. Qf2 Bc6 20. Rg1 Nf5 21. Nf3 f6 22. Bh3 Kh7 23. Bxf5 gxf5 24. Qg3 Rg8 25. Qg6+ Kh8 26. exf6 Qc7 {[%emt 0:04:14] normal} 1-0

[Event "GER-ch Youth U14w 2019"]
[Site "Willingen"]
[Date "2019.06.13"]
[Round "7.5"]
[White "Peglau, Mirjam"]
[Black "Schmidt, Pauline"]
[Result "1/2-1/2"]
[ECO "E20"]
[WhiteElo "1746"]
[BlackElo "1620"]
[Annotator "NA"]
[PlyCount "102"]
[EventDate "2019.06.07"]
[EventType "swiss"]
[EventRounds "9"]
[EventCountry "GER"]
[SourceTitle "playchess.com"]
[Source "ChessBase"]
[SourceQuality "1"]
[TimeControl "40/5400+30:1800+30"]

1. d4 Nf6 2. c4 e6 3. Nc3 Bb4 4. Bd2 Bxc3 5. Bxc3 b6 6. Nf3 Bb7 7. e3 O-O 8. Bd3 Ne4 9. Rc1 Nxc3 10. Rxc3 f5 11. O-O d6 12. b4 Qf6 13. c5 dxc5 14. bxc5 Nc6 15. Bb5 Ne7 16. c6 Bc8 17. Ne5 Nd5 18. Ra3 Qe7 19. Qb3 a5 20. Rc1 Rd8 21. Ra4 Ba6 22. Bxa6 Rxa6 23. Rac4 Nf6 24. f3 Raa8 25. Qd3 Qd6 26. Rb1 Qxe5 27. dxe5 Rxd3 28. exf6 Rxe3 29. fxg7 Rd3 30. Re1 Rd6 31. g4 fxg4 32. Rxg4 Rxc6 33. h4 Re8 34. h5 h6 35. Rg6 Kh7 36. f4 Rc5 37. g8=Q+ Rxg8 38. Rxg8 Kxg8 39. Rxe6 Rxh5 40. Rc6 Rf5 41. Rxc7 b5 42. Ra7 b4 43. Kg2 Rxf4 44. Rxa5 Kg7 45. Ra4 {[%emt 0:00:00] normal} Rc4 {[%emt 0:00:21] normal} 46. Ra6 h5 47. Kh3 {[%emt 0:00:00] normal} Rc3+ 48. Kh4 Ra3 {[%emt 0:00:11] normal} 49. Rb6 {[%emt 0:00:00] normal} Rxa2 50. Rxb4 Ra5 {[%emt 0:00:26] normal} 51. Rb6 Kh7 {[%emt 0:00:38] normal} 1/2-1/2

[Event "GER-ch Youth U14w 2019"]
[Site "Willingen"]
[Date "2019.06.13"]
[Round "7.6"]
[White "Buchholz, Maja"]
[Black "Heutling, Elina"]
[Result "1-0"]
[ECO "A15"]
[WhiteElo "1657"]
[BlackElo "1712"]
[Annotator "NA"]
[PlyCount "81"]
[EventDate "2019.06.07"]
[EventType "swiss"]
[EventRounds "9"]
[EventCountry "GER"]
[SourceTitle "playchess.com"]
[Source "ChessBase"]
[SourceQuality "1"]
[TimeControl "40/5400+30:1800+30"]

1. c4 Nf6 2. g3 g6 3. Bg2 Bg7 4. Nf3 O-O 5. O-O d6 6. d3 c5 7. Nc3 Nc6 8. a3 e5 9. Rb1 Rb8 10. b4 Ne8 11. b5 Na5 12. Bd2 f5 13. Qa4 Nf6 14. Rfc1 h6 15. Ne1 b6 16. Nc2 Bb7 17. Ne3 Bxg2 18. Kxg2 Nd7 19. Ned5 g5 20. Rf1 g4 21. Rh1 f4 22. Ne4 f3+ 23. exf3 gxf3+ 24. Kg1 Qe8 25. Nxd6 Qe6 26. Ne4 Qh3 27. Ne3 Nf6 28. Bxa5 Ng4 29. Rb2 bxa5 30. Qxa5 Rbd8 31. Qd2 Rd4 32. Qd1 Rfd8 33. Qxf3 Rxd3 34. Qxg4 Rd1+ 35. Qxd1 Rxd1+ 36. Nxd1 Qf5 37. Ndc3 Qf3 38. Rd2 Qf7 39. Kg2 Qxc4 40. Rhd1 Qb3 41. a4 {[%emt 0:30:09] normal} 1-0

[Event "GER-ch Youth U14w 2019"]
[Site "Willingen"]
[Date "2019.06.13"]
[Round "7.7"]
[White "Kalina, Lena"]
[Black "Adelhardt, Lisa"]
[Result "1/2-1/2"]
[ECO "E12"]
[WhiteElo "1687"]
[BlackElo "1293"]
[Annotator "NA RC"]
[PlyCount "110"]
[EventDate "2019.06.07"]
[EventType "swiss"]
[EventRounds "9"]
[EventCountry "GER"]
[SourceTitle "playchess.com"]
[Source "ChessBase"]
[SourceQuality "1"]
[TimeControl "40/5400+30:1800+30"]

1. d4 Nf6 2. c4 e6 3. Nf3 b6 4. a3 Bb7 5. Nc3 Be7 6. d5 exd5 7. cxd5 d6 8. e4 Nbd7 9. Bd3 Ne5 10. Nxe5 dxe5 11. Bb5+ Nd7 12. Qg4 Bf6 13. O-O a6 14. Bc4 O-O 15. Be3 Kh8 16. Rac1 Be7 17. Qh5 g6 18. Qh3 Bc8 19. Qf3 Bg5 20. Rfd1 Bxe3 21. Qxe3 Nc5 22. b4 Nb7 23. Qg3 Qe7 24. Bb3 Nd6 25. Ba4 f6 26. Qd3 Bd7 27. f3 Ra7 28. Bxd7 Qxd7 29. a4 a5 30. b5 Rf7 31. Ne2 Qe7 32. Qb3 Qe8 33. Rc6 Rd7 34. Rdc1 Qf7 35. Qe3 Kg7 36. Ng3 Nb7 37. R6c4 Nd6 38. R4c2 Rb7 39. Qc3 Qe7 40. h4 Kf7 41. Qe3 Kg7 42. Kf2 Ra7 43. Ne2 Qd8 44. Rh1 h6 45. g4 Rf7 46. Ke1 Qe7 47. Qc3 Rf8 48. Ng3 Rf7 49. Ke2 Ra8 50. Qc6 Ra7 51. Qc3 Ra8 52. Qb3 Kh7 53. Qe3 Ra7 54. Qd2 Ra8 55. Qd3 Ra7 {[%emt 0:00:18] normal} 1/2-1/2

[Event "GER-ch Youth U14w 2019"]
[Site "Willingen"]
[Date "2019.06.13"]
[Round "7.8"]
[White "Avetyan, Manan"]
[Black "Albayrak, Nese Pinar"]
[Result "1-0"]
[ECO "C47"]
[WhiteElo "1307"]
[BlackElo "1530"]
[Annotator "NA"]
[PlyCount "93"]
[EventDate "2019.06.07"]
[EventType "swiss"]
[EventRounds "9"]
[EventCountry "GER"]
[SourceTitle "playchess.com"]
[Source "ChessBase"]
[SourceQuality "1"]
[TimeControl "40/5400+30:1800+30"]

1. e4 e5 2. Nf3 Nc6 3. Nc3 Nf6 4. d4 exd4 5. Nxd4 Bb4 6. Nxc6 bxc6 7. Bd3 d5 8. exd5 Qe7+ 9. Be2 Nxd5 10. Qd3 O-O 11. O-O Bb7 12. Re1 Rad8 13. Qg3 Kh8 14. Bg5 f6 15. Bc4 Qc5 16. Bxd5 cxd5 17. Bf4 Rc8 18. a3 Bxc3 19. Qxc3 Qxc3 20. bxc3 Rf7 21. Re6 Kg8 22. h4 Rd8 23. Rae1 Kf8 24. g4 Bc8 25. Rc6 Bxg4 26. Bxc7 Bd7 27. Ra6 Ra8 28. Rd1 Bb5 29. Bd6+ Ke8 30. Ra5 Bc4 31. Rc5 Rd8 32. Re1+ Kd7 33. Rc7+ Kxd6 34. Rxf7 Rd7 35. Rxd7+ Kxd7 36. Kg2 g6 37. f4 h6 38. Kg3 Bb5 39. f5 g5 40. hxg5 hxg5 41. Kg4 Kd8 42. Re6 Ba4 43. Rxf6 Bxc2 44. Kxg5 Ke7 45. Ra6 Be4 {[%emt 0:00:00] normal} 46. Rxa7+ Kf8 {[%emt 0:00:00] normal} 47. f6 {[%emt 0:00:00] normal} 1-0

[Event "GER-ch Youth U14w 2019"]
[Site "Willingen"]
[Date "2019.06.13"]
[Round "7.9"]
[White "Wagner, Margarethe"]
[Black "Oswald, Hannah"]
[Result "1-0"]
[ECO "C60"]
[WhiteElo "1741"]
[BlackElo "1632"]
[Annotator "NA RC"]
[PlyCount "159"]
[EventDate "2019.06.07"]
[EventType "swiss"]
[EventRounds "9"]
[EventCountry "GER"]
[SourceTitle "playchess.com"]
[Source "ChessBase"]
[SourceQuality "1"]
[TimeControl "40/5400+30:1800+30"]

1. e4 e5 2. Nf3 Nc6 3. Bb5 Nge7 4. d4 exd4 5. Nxd4 g6 6. Be3 Bg7 7. c3 O-O 8. O-O d5 9. Nxc6 bxc6 10. Bd3 Be6 11. Qc2 Qd6 12. b4 a5 13. Bc5 Qd7 14. Nd2 axb4 15. Bxb4 Rfb8 16. a3 Nc8 17. Nb3 Nd6 18. Nc5 Qc8 19. Rfe1 dxe4 20. Nxe4 Nxe4 21. Bxe4 Bd5 22. Rad1 Qb7 23. c4 Be6 24. Qe2 Re8 25. Qf3 Ra6 26. c5 Bb2 27. Rb1 Bg7 28. Bd3 Raa8 29. Bd2 Qc8 30. Be4 Bd5 31. Bb4 Bxe4 32. Rxe4 Rxe4 33. Qxe4 Qe8 34. Qxe8+ Rxe8 35. Kf1 Kf8 36. Rb3 Ra8 37. Ke2 Ke7 38. Rd3 Bb2 39. Kd2 Ke6 40. Kc2 Be5 41. h3 Bf6 42. Kb3 Be7 43. a4 Rb8 44. Kc4 Ra8 45. a5 Bf8 46. Rd4 Be7 47. Rd3 Bf8 48. Bc3 Be7 49. g4 g5 50. Rd2 f6 51. Bb4 Bf8 52. Rd4 Bh6 53. Bc3 Ke7 54. Re4+ Kf7 55. Kd3 Bf8 56. Bb4 Bh6 57. Ke2 Ra6 58. Kf3 Ra8 59. Kg3 Bf8 60. f4 h6 61. f5 Be7 62. Kf3 Kf8 63. Ke3 Ra6 64. Kd3 Kf7 65. Kc4 Kf8 66. Bc3 Kf7 67. Re6 Bd8 68. Rxc6 Ra8 69. Kb5 Rb8+ 70. Kc4 Ra8 71. Re6 Ra7 72. a6 Ra8 73. Kd5 Ra7 74. Kc4 Ra8 75. Kb5 Ra7 76. Bd4 Ra8 77. c6 Rb8+ 78. Ka4 Ra8 79. a7 {[%emt 0:00:08] normal} Be7 80. Ka5 {[%emt 0:00:38] normal} 1-0

[Event "GER-ch Youth U14w 2019"]
[Site "Willingen"]
[Date "2019.06.13"]
[Round "7.10"]
[White "Zixin, Li"]
[Black "Zoellner, Bente"]
[Result "0-1"]
[ECO "B32"]
[WhiteElo "1284"]
[BlackElo "1530"]
[Annotator "NA"]
[PlyCount "87"]
[EventDate "2019.06.07"]
[EventType "swiss"]
[EventRounds "9"]
[EventCountry "GER"]
[SourceTitle "playchess.com"]
[Source "ChessBase"]
[SourceQuality "1"]
[TimeControl "40/5400+30:1800+30"]

1. e4 c5 2. Nf3 Nc6 3. d4 cxd4 4. Nxd4 e5 5. Nb5 d6 6. N1c3 a6 7. Na3 b5 8. Nd5 Nge7 9. Bd3 Nxd5 10. exd5 Ne7 11. c4 Nf5 12. Nc2 Be7 13. cxb5 O-O 14. bxa6 Bxa6 15. Bxf5 Qa5+ 16. Qd2 Qb5 17. Bg4 Bb7 18. Bf3 Rfc8 19. Ne3 Bd8 20. Nf5 Ba5 21. Ne7+ Kf8 22. Qxa5 Rxa5 23. Nxc8 Bxc8 24. a3 Bb7 25. b4 Ra8 26. Be3 Bxd5 27. Bxd5 Qxd5 28. O-O Qb5 29. Rfd1 Ke7 30. Ra2 Ke6 31. Rda1 Ra4 32. Re1 Qc4 33. Raa1 f5 34. Reb1 Qd3 35. b5 Rxa3 36. b6 Rxa1 37. Rxa1 Qb3 38. g3 f4 39. gxf4 exf4 40. Bd4 Qb4 41. Rd1 f3 42. Be3 Qb5 43. h3 d5 44. Kh2 {[%emt 0:00:00] normal} 0-1

[Event "GER-ch Youth U14w 2019"]
[Site "Willingen"]
[Date "2019.06.13"]
[Round "7.11"]
[White "Werner, Rosalie"]
[Black "Berghold, Lotta"]
[Result "1/2-1/2"]
[ECO "B00"]
[WhiteElo "1610"]
[BlackElo "1471"]
[Annotator "NA"]
[PlyCount "51"]
[EventDate "2019.06.07"]
[EventType "swiss"]
[EventRounds "9"]
[EventCountry "GER"]
[SourceTitle "playchess.com"]
[Source "ChessBase"]
[SourceQuality "1"]
[TimeControl "40/5400+30:1800+30"]

1. e4 b6 2. d4 Bb7 3. Bd3 e6 4. Ne2 Nf6 5. Nd2 Be7 6. O-O O-O 7. c3 d6 8. Ng3 Nbd7 9. Nf3 Re8 10. h3 Nf8 11. Be3 N6d7 12. b4 Ng6 13. Qd2 a6 14. Rfe1 c5 15. a3 Rc8 16. Rac1 cxd4 17. cxd4 Rxc1 18. Rxc1 Qb8 19. Rc2 b5 20. Qc1 Rc8 21. Nd2 Rxc2 22. Qxc2 Qc8 23. Qxc8+ Bxc8 24. Ne2 Bb7 25. Nc1 {[%emt 0:01:18] normal} Bd8 {[%emt 0:01:26] normal} 26. Ncb3 {[%emt 0:01:15] normal} 1/2-1/2

[Event "GER-ch Youth U14w 2019"]
[Site "Willingen"]
[Date "2019.06.13"]
[Round "7.12"]
[White "Becker, Linda"]
[Black "Sinner, Joselyne"]
[Result "1-0"]
[ECO "C55"]
[WhiteElo "1683"]
[BlackElo "1521"]
[Annotator "NA"]
[PlyCount "120"]
[EventDate "2019.06.07"]
[EventType "swiss"]
[EventRounds "9"]
[EventCountry "GER"]
[SourceTitle "playchess.com"]
[Source "ChessBase"]
[SourceQuality "1"]
[TimeControl "40/5400+30:1800+30"]

1. e4 e5 2. Nf3 Nc6 3. d4 exd4 4. Bc4 Nf6 5. e5 d5 6. Bb5 Ne4 7. Nxd4 Bc5 8. Be3 O-O 9. Nxc6 bxc6 10. Bxc5 Nxc5 11. Bxc6 Rb8 12. O-O Rxb2 13. Bxd5 Bf5 14. Bb3 Qxd1 15. Rxd1 Bxc2 16. Bxc2 Rxc2 17. Na3 Rb2 18. Rd5 Ne4 19. f3 Nc3 20. Rd7 Rc8 21. Kf1 a6 22. Rc1 Nxa2 23. Rcxc7 Rbb8 24. Rxf7 Rxc7 25. Rxc7 Nb4 26. Nc4 Nd5 27. Ra7 Nb4 28. Kf2 Kf8 29. Ke3 Rc8 30. Nd6 Rc7 31. Rxc7 Nd5+ 32. Kd4 Nxc7 33. Kc5 Ke7 34. Kc6 Ne6 35. Kb6 g5 36. Kxa6 Nc5+ 37. Kb5 Nd3 38. Nc4 Ke6 39. Kc6 Nxe5+ 40. Nxe5 Kxe5 41. Kd7 Kf4 42. Ke6 g4 43. fxg4 Kxg4 44. Kf6 Kf4 45. Kg7 h5 46. Kh6 h4 47. h3 Kg3 48. Kg5 Kxg2 49. Kxh4 Kf3 50. Kg5 Ke4 51. h4 Ke5 52. Kg6 Ke6 53. h5 Ke7 54. Kg7 Ke6 55. h6 Kf5 56. h7 Kg5 57. h8=Q Kf5 58. Qh5+ Ke6 59. Qg5 Kd6 60. Qf5 Kc6 {[%emt 0:00:00] normal} 1-0

[Event "GER-ch Youth U14w 2019"]
[Site "Willingen"]
[Date "2019.06.14"]
[Round "8.1"]
[White "Bashylina, Luisa"]
[Black "Orlova, Alicia"]
[Result "1-0"]
[ECO "C41"]
[WhiteElo "1886"]
[BlackElo "1490"]
[Annotator "NA"]
[PlyCount "44"]
[EventDate "2019.06.07"]
[EventType "swiss"]
[EventRounds "9"]
[EventCountry "GER"]
[SourceTitle "playchess.com"]
[Source "ChessBase"]
[SourceQuality "1"]
[TimeControl "40/5400+30:1800+30"]

1. e4 e5 2. Nf3 d6 3. d4 exd4 4. Nxd4 Nf6 5. Nc3 Be7 6. Be3 O-O 7. f3 Re8 8. Qd2 Nc6 9. O-O-O a6 10. g4 Nd7 11. Nd5 Nde5 12. Nxe7+ Qxe7 13. Be2 Be6 14. Nf5 Bxf5 15. gxf5 Rad8 16. Rhg1 f6 17. Bh6 Kh8 18. Bxg7+ Qxg7 19. Rxg7 Kxg7 20. Rg1+ Ng6 21. fxg6 hxg6 22. Qc3 d5 {[%emt 0:02:12] normal} 1-0

[Event "GER-ch Youth U14w 2019"]
[Site "Willingen"]
[Date "2019.06.14"]
[Round "8.2"]
[White "Doll, Rebecca"]
[Black "Reuter, Elisa"]
[Result "1/2-1/2"]
[ECO "B22"]
[WhiteElo "1678"]
[BlackElo "1923"]
[Annotator "NA"]
[PlyCount "79"]
[EventDate "2019.06.07"]
[EventType "swiss"]
[EventRounds "9"]
[EventCountry "GER"]
[SourceTitle "playchess.com"]
[Source "ChessBase"]
[SourceQuality "1"]
[TimeControl "40/5400+30:1800+30"]

1. e4 c5 2. c3 Nf6 3. e5 Nd5 4. d4 cxd4 5. cxd4 e6 6. Nf3 b6 7. a3 Bb7 8. Bd3 d6 9. O-O Be7 10. Qe2 Nd7 11. Bd2 Rc8 12. Re1 dxe5 13. dxe5 Nc5 14. Bc2 Ba6 15. Ba4+ Nxa4 16. Qxa6 Nc5 17. Qb5+ Qd7 18. Qxd7+ Kxd7 19. Nc3 Nd3 20. Reb1 Nxc3 21. Bxc3 Rhd8 22. Rd1 Ke8 23. Kf1 Bc5 24. Rd2 Rd5 25. g3 b5 26. Rb1 Bxa3 27. Bd4 Nxb2 28. Bxb2 Rxd2 29. Nxd2 Bb4 30. Nf3 a5 31. Nd4 Rc5 32. Ke2 Rxe5+ 33. Kd3 Rd5 34. Ke4 Kd7 35. Nc2 Bc5 36. f4 f5+ 37. Kf3 g6 38. Be5 Kc6 39. Rc1 Kb6 40. Re1 {[%emt 0:00:36] normal} 1/2-1/2

[Event "GER-ch Youth U14w 2019"]
[Site "Willingen"]
[Date "2019.06.14"]
[Round "8.3"]
[White "Butenandt, Svenja"]
[Black "Gerber, Anna Sophie"]
[Result "1-0"]
[ECO "E46"]
[WhiteElo "1722"]
[BlackElo "1473"]
[Annotator "NA"]
[PlyCount "121"]
[EventDate "2019.06.07"]
[EventType "swiss"]
[EventRounds "9"]
[EventCountry "GER"]
[SourceTitle "playchess.com"]
[Source "ChessBase"]
[SourceQuality "1"]
[TimeControl "40/5400+30:1800+30"]

1. d4 Nf6 2. c4 e6 3. Nc3 Bb4 4. e3 O-O 5. Nge2 b6 6. a3 Bxc3+ 7. Nxc3 d5 8. cxd5 exd5 9. Bd3 a5 10. O-O Ba6 11. f3 Bxd3 12. Qxd3 Nc6 13. Bd2 Re8 14. Rac1 Qd7 15. Be1 Re6 16. Bf2 Rae8 17. Rc2 Ne7 18. Rfc1 Rc8 19. e4 dxe4 20. fxe4 Ng4 21. Bg3 Nc6 22. d5 Ree8 23. Rd2 Nce5 24. Qd4 f6 25. h3 Nh6 26. Ne2 Nhf7 27. Qf2 Nd6 28. Nc3 f5 29. exf5 Nxf5 30. Re1 Nc4 31. Rde2 Ncd6 32. Be5 Nf7 33. Bh2 N5d6 34. Re6 Ng5 35. Rxe8+ Nxe8 36. Bf4 Nf7 37. Qd4 Nf6 38. Bg3 Ne8 39. Bh4 Qd6 40. Re6 Qd7 41. g4 g5 42. Bg3 Rd8 43. Qe3 Ng7 44. Re7 Re8 45. Rxd7 Rxe3 46. Kf2 Rd3 47. Rxc7 Kf8 48. Rc8+ Ke7 49. Rc7+ Kf8 50. b4 axb4 51. axb4 Ne8 52. Rc8 Ke7 53. Ne4 Rxd5 54. Rxe8+ Kxe8 55. Nf6+ Kd8 56. Nxd5 Kd7 57. Nxb6+ Kc6 58. Nc4 Kd5 59. Ne3+ Kc6 60. Nf5 Kd5 61. Ke3 {[%emt 0:00:37] normal} 1-0

[Event "GER-ch Youth U14w 2019"]
[Site "Willingen"]
[Date "2019.06.14"]
[Round "8.4"]
[White "Peglau, Mirjam"]
[Black "Yue, Qizhou"]
[Result "1-0"]
[ECO "E46"]
[WhiteElo "1746"]
[BlackElo "1840"]
[Annotator "NA"]
[PlyCount "125"]
[EventDate "2019.06.07"]
[EventType "swiss"]
[EventRounds "9"]
[EventCountry "GER"]
[SourceTitle "playchess.com"]
[Source "ChessBase"]
[SourceQuality "1"]
[TimeControl "40/5400+30:1800+30"]

1. d4 Nf6 2. c4 e6 3. Nc3 Bb4 4. e3 O-O 5. Nge2 Re8 6. a3 Bf8 7. Bd2 d6 8. Ng3 Nc6 9. Be2 e5 10. d5 Ne7 11. O-O Nd7 12. e4 a5 13. Qc2 g6 14. b4 Bg7 15. Nb5 b6 16. Be3 f5 17. exf5 e4 18. Rac1 gxf5 19. c5 dxc5 20. bxc5 Nxd5 21. cxb6 N7xb6 22. Nxc7 Qxc7 23. Qxc7 Nxc7 24. Bxb6 Na6 25. Bb5 Rf8 26. a4 Nb4 27. Ne2 Ba6 28. Rc5 Bxb5 29. Rxb5 Rfb8 30. Rxa5 Rxa5 31. Bxa5 Nc6 32. Bc3 Bxc3 33. Nxc3 Rb3 34. Nb5 Kf7 35. Ra1 Ke6 36. h3 Ke5 37. Rc1 Ne7 38. Rc5+ Kf6 39. Rc1 f4 40. Rc4 Rb1+ 41. Kh2 Ke5 42. Rc5+ Kf6 43. Nc3 Re1 44. a5 e3 45. fxe3 fxe3 46. Rc4 Nf5 47. Ra4 Rc1 48. Ne2 Rc2 49. a6 Rc8 50. a7 Ra8 51. Nc3 Ke5 52. Re4+ Kd6 53. g4 Ne7 54. Nb5+ Kc6 55. Rxe7 Kxb5 56. Kg2 Kc4 57. Kf3 Kd4 58. Rd7+ Kc5 59. Kxe3 h6 60. Kf4 Kc6 61. Rf7 Kb6 62. Kf5 Rg8 63. Kf6 {[%emt 0:00:00] normal} 1-0